 Dungeon Crawl Stone Soup version 0.31-a0-1227-g0136665373 (webtiles) character file.

Game seed: 11286594899446235043

3007955 backslashecho the Shapeless Meteoran (level 27, 254/254 HPs)
             Began as a Meteoran Shapeshifter on Dec 12, 2023.
             Was the Champion of Trog.
             Escaped with the Orb
             ... and 3 runes on Dec 14, 2023!
             The game lasted 04:36:11 (25364 turns).

backslashecho the Shapeless Meteoran (MeSh)        Turns: 25364, Time: 04:36:12

Health: 254/254    AC: 15    Str: 20    XL:     27
Magic:  24/24      EV: 66    Int: 15    God:    Trog [******]
Gold:   771        SH:  5    Dex: 22    Spells: 26/26 levels left

rFire   . .          .
                       - Unarmed
rCold   . . .        (shield currently unavailable)
rNeg    . . .        D - melded +1 leather armour of the Immovable Tables {rPois Will+}
rPois   ∞            r - melded +2 helmet of Dim Light {rN+ Regen+}
rElec   +            P - melded scarf {rC+ rF+}
rCorr   .            U - melded +0 pair of gloves of Ru's Whim {rElec Str+2}
SInv    .            d - melded +2 pair of boots {Fly}
Will    ++++.        A - amulet of Voutit {Reflect Harm rPois Int-3 Slay+5 SH+5}
Stlth   +            Q - ring of willpower
HPRegen 0.62/turn    F - ring of the Hare {EV+10}
MPRegen 0.19/turn

%: harm (+30% outgoing, +20% incoming), reflection
@: storm-form, flying, glowing, studying 2 skills
A: cleaving, insubstantial, flying, sense surroundings 3, otherworldly, glowing,
explore regen, clever 1, inhibited regeneration
0: Orb of Zot
}: 3/15 runes: barnacled, silver, gossamer
a: Blinkbolt, Begin Untransformation, Renounce Religion, Berserk, Trog's Hand,
Brothers in Arms


You escaped.
You worshipped Trog.
Trog was exalted by your worship.
You were a lightning-filled tempest!
You visited 9 branches of the dungeon, and saw 47 of its levels.
You visited 2 bazaars.
You also visited: Sewer and Ice Cave.

You collected 4059 gold pieces.
You spent 3288 gold pieces at shops.

Inventory:

Hand Weapons
 c - the +7 morningstar of the Teaching Gods {freeze, Fly rCorr Int+7 Stlth-}
   (You took it off an ironbound preserver on level 4 of the Vaults)

   Int+7:     It affects your intelligence (+7).
   Fly:       It grants you flight.
   rCorr:     It protects you from acid and corrosion.
   Stlth-:    It makes you less stealthy.
Missiles
 q - 2 throwing nets (quivered)
Armour
 d - a +2 pair of boots of flying (melded)
 r - the +2 helmet of Dim Light (melded) {rN+ Regen+}
   (You found it on level 3 of the Dungeon)

   rN+:       It protects you from negative energy.
   Regen+:    It increases your rate of health regeneration.
 D - the +1 leather armour of the Immovable Tables (melded) {rPois Will+}
   (You found it on level 8 of the Dungeon)

   rPois:     It protects you from poison Will+: It increases your willpower.
 P - a scarf of resistance (melded)
 U - the +0 pair of gloves of Ru's Whim (melded) {rElec Str+2}
   (You found it on level 4 of the Spider Nest)

   Str+2:     It affects your strength (+2).
   rElec:     It insulates you from electricity.
Jewellery
 m - a ring of flight
 A - the amulet of Voutit (around neck) {Reflect Harm rPois Int-3 Slay+5 SH+5}
   (You bought it in a shop on level 2 of the Orcish Mines)

   [amulet of reflection]

   Reflect:   It reflects blocked missile attacks.
   Int-3:     It affects your intelligence (-3).
   Slay+5:    It affects your accuracy & damage with ranged weapons and melee
   (+5).
   rPois:     It protects you from poison SH+5: It affects your SH (+5).
   Harm:      It increases damage dealt and taken.
 F - the ring of the Hare (right fist) {EV+10}
   (You found it on level 1 of the Elven Halls)

   [ring of evasion]

   EV+10:     It affects your evasion (+10).
 I - a ring of protection from fire
 J - a ring of positive energy
 Q - a ring of willpower (left fist)
 S - a ring of ice
 Y - the ring of Dueh {Str+6 Dex+2 SInv}
   (You found it on level 4 of the Shoals)

   [ring of strength]

   Str+6:     It affects your strength (+6).
   Dex+2:     It affects your dexterity (+2).
   SInv:      It lets you see invisible.
Talismans
 G - a maw talisman
 H - a granite talisman
 R - a storm talisman (active)
Wands
 a - a wand of flame (61)
 k - a wand of digging (7)
 s - a wand of mindburst (13)
 L - a wand of quicksilver (9)
 T - a wand of paralysis (23)
 X - a wand of roots (11)
Scrolls
 b - 2 scrolls of butterflies
 e - 4 scrolls of immolation
 f - 10 scrolls of teleportation
 g - 3 scrolls of blinking
 j - 5 scrolls of fog
 n - 3 scrolls of enchant armour
 p - 3 scrolls of poison
 t - 6 scrolls of fear
 u - 4 scrolls of vulnerability
 V - a scroll of silence
 W - 2 scrolls of noise
Potions
 l - 13 potions of curing
 o - a potion of cancellation
 v - 4 potions of resistance
 w - 6 potions of heal wounds
 x - 3 potions of might
 z - 4 potions of enlightenment
 B - 3 potions of magic
 C - 2 potions of haste
 E - 7 potions of mutation
 N - 2 potions of berserk rage
 O - 9 potions of ambrosia
Miscellaneous
 h - a phial of floods
 i - a phantom mirror
 y - a sack of spiders


   Skills:
 * Level 21.8 Fighting
 * Level 20.2 Dodging
 O Level 27 Unarmed Combat
 + Level 15.3 Evocations
 O Level 27 Shapeshifting


You had 26 spell levels left.
You didn't know any spells.
Your spell library contained the following spells:

 Spells                   Type           Power      Damage    Failure   Level
 Lesser Beckoning         Tloc           0%         N/A       38%         2
 Gell's Gravitas          Tloc           0%         N/A       63%         3
 Yara's Violent Unravell  Hex/Tmut       0%         3d3       100%        5
 Death Channel            Necr           0%         N/A       100%        6
 Death's Door             Necr           0%         N/A       100%        9


Dungeon Overview and Level Annotations

Branches:
Dungeon (15/15)            Temple (0/1) D:7            Lair (5/5) D:11
 Shoals (4/4) Lair:3       Spider (4/4) Lair:2        Slime (0/5) Lair:5
    Orc (2/2) D:10            Elf (3/3) Orc:2        Vaults (5/5) D:13
  Crypt (0/3) Vaults:3     Depths (4/4) D:15            Zot (5/5) Depths:4
  Sewer (visited)           IceCv (visited)

Altars:
Ashenzari
Cheibriados
Dithmenos
Fedhas
Hepliaklqana
Kikubaaqudgha
Okawaru
Qazlal
Trog
Yredelemnul
Lugonu

Shops:
D:3 ?   D:7 *   D:8 *   D:9 ?!*   Orc:2 [=?*   Elf:3 =   Shoals:1 *
Vaults:4 (   Vaults:5 *[   Depths:1 =

Portals:
Hell: Depths:1 Depths:4
Abyss: Depths:2 Depths:3 Depths:4
Pandemonium: Orc:2 Depths:2
Ziggurat: Depths:3

Annotations:
D:3 2 runed translucent doors, kaesle's ghost, amateur HOFi
Spider:4 1 exclusion
Orc:1 2 transporters, Nesh's ghost, journeyman OpSh
Elf:3 3 runed translucent doors, pigah's ghost, adept OpSh
Vaults:2 !HALO
Vaults:3 exclusion: upstairs
Depths:3 exclusions: deep troll, hell hog and 1 more exclusion
Zot:2 Tiamat
Zot:5 exclusions: upstairs and 2 more exclusions


Innate Abilities, Weirdness & Mutations

You are a lightning-filled tempest!
Your electrical attacks strike out in all directions at once.
You are incredibly evasive.
Your insubstantial body is immune to petrification, constriction, and being set on fire You are flying.
Your armour is entirely melded.
You are incapable of wielding weapons or throwing items.
You are immune to poison.
You passively map a large area around you.
You are easily found by Zot.
You glow in the dark.
You regain HP and MP as you explore.
Your mind is acute. (Int +4, Str/Dex -1)
You do not regenerate when monsters are visible.


Message History

There is a stone staircase leading down here.
You see here a +0 whip.
There is a stone staircase leading up here.
You fly upwards.
There is a stone staircase leading down here.
There is an open door here.
An Ice Fiend comes into view.
Aiming: Blinkbolt
Press: ? - help, Dir - move target, f - Ice Fiend
Aim: an Ice Fiend (98% to hit)
The shock of your passage hits the Ice Fiend!!!!
You kill the Ice Fiend!
Trog accepts your kill.
You blink.
Unknown command.
There is a stone staircase leading up here.
You fly upwards.
Level annotation: 2 runed translucent doors, kaesle's ghost, amateur HOFi
There is a stone staircase leading down here.
Things that are here:
a +0 short sword; a boomerang; a +0 whip You feel energetic enough to blinkbolt again.
Found a scroll of identify.
There is a stone staircase leading up here.
You fly upwards.
There is a stone staircase leading down here.
There is a stone staircase leading up here.
You fly upwards.
There is a stone staircase leading down here.
You reach down and open the door.
There is an open door here.
An Ice Fiend comes into view.
Aiming: Blinkbolt
Press: ? - help, Dir - move target, f - Ice Fiend
Aim: an Ice Fiend (98% to hit)
The shock of your passage hits the Ice Fiend!
The Ice Fiend is lightly wounded.
You blink.
You batter the Ice Fiend!!
The Ice Fiend is severely wounded.
You batter the Ice Fiend!!
You kill the Ice Fiend!
Trog accepts your kill.
Health restored: 254 You feel energetic enough to blinkbolt again.
There is a staircase leading out of the dungeon here.
Okay, then.
Unknown command.
Unknown command.
You have escaped!

###.....................#
####################.##
#.# # ##### ##### #####
##.## # #...# #...# #...#
#...# # #...# #.>.# #.♣.#
#.### ###...###...###...#
#.### ..................#
#...# ................v.#
#.### ..................#
#.# ###...###...###...#
#.# # #...# #.>.# #.♣.#
#.# # #...# #...# #(..#
#.# # ##### ##### #####
#.# #.#
#####################.#
...................##.#


There were no monsters in sight!

Vanquished Creatures
  3 dread liches
  Frederick (Vaults:5)
  Mara (Spider:4)
  2 orbs of fire (Zot:5)
  6 ancient liches
  4 juggernauts
  Sojobo (Depths:1)
  Xtahua (Vaults:5)
  Bai Suzhen (Shoals:3)
  13 Killer Klowns (Zot:5)
  A curse toe (Zot:5)
  Nikola (Shoals:2)
  6 golden dragons
  Arachne (Spider:3)
  An iron giant (Depths:2)
  2 electric golems
  Zenata (Elf:2)
  12 tentacled monstrosities
  2 Ice Fiends
  A walking crystal tome (Depths:2)
  Jorgrun (Orc:2)
  25 Orb Guardians
  2 walking earthen tomes (Depths:2)
  5 titans (Vaults:5)
  2 deep elf blademasters (Elf:3)
  A quicksilver dragon (Zot:1)
  A deep elf master archer (Elf:3)
  Polyphemus (Shoals:4)
  3 shadow dragons
  4 death cobs
  2 sphinxes
  5 tengu reavers
  3 storm dragons
  4 draconian monks
  Roxanne (Elf:2)
  Donald (Orc:2)
  4 frost giants
  3 emperor scorpions (Spider:4)
  6 draconian knights (Zot:1)
  A protean progenitor (Zot:5)
  4 fire giants
  10 deep elf sorcerers
  4 draconian stormcallers
  A draconian scorcher (Zot:1)
  4 ghost moths
  2 iron dragons
  A balrug (Depths:3)
  10 vault wardens
  6 deep elf elementalists
  An orc warlord (D:14)
  9 ironbound preservers
  4 draconian shifters
  A cacodemon (D:7)
  8 stone giants
  7 draconian annihilators
  A war gargoyle (Vaults:5)
  A demonspawn blood saint (Zot:1)
  A spriggan defender (Depths:2)
  15 very ugly things
  2 ironbound thunderhulks
  5 broodmothers
  2 black draconians
  2 vampire knights (Depths:3)
  Azrael (D:13)
  9 deep elf demonologists
  4 dire elephants
  4 green draconians
  Nessos (D:15)
  8 red draconians
  7 spark wasps
  5 white draconians
  5 purple draconians
  4 yellow draconians
  11 deep elf annihilators
  2 deep elf death magi
  A blizzard demon (Zot:1)
  3 merfolk javelineers
  4 merfolk impalers
  3 ettins
  5 fire dragons
  8 deep elf high priests
  5 entropy weavers
  7 ice dragons
  A green death (Depths:4)
  9 yaktaur captains
  36 vault guards
  Erolcha (Orc:2)
  2 ogre magi
  3 great orbs of eyes
  A jorogumo (Spider:1)
  An ironbound frostheart (Vaults:1)
  2 rakshasas
  6 spriggan air magi
  6 centaur warriors
  4 catoblepae
  9 two-headed ogres
  5 hydras
  A merfolk aquamancer (Shoals:4)
  2 merfolk avatars (Shoals:4)
  A demonspawn (Orc:2)
  An alligator snapping turtle (Shoals:3)
  7 boulder beetles
  7 dancing weapons
  A death knight (D:13)
  2 satyrs (Shoals:4)
  3 deep troll shamans
  12 death yaks
  3 hell hogs
  8 deep troll earth magi
  3 radroaches
  7 orc high priests (Orc:2)
  2 tengu warriors
  8 demonic crawlers
  3 occultists (Depths:3)
  3 shock serpents (shapeshifter)
  7 spriggans
  2 titan zombies
  2 soul eaters (Depths:3)
  6 spriggan berserkers
  A hell knight (Vaults:5)
  5 skysharks
  7 deep elf knights
  2 sun demons (Depths:3)
  5 iron trolls
  A sixfirhy (D:7)
  2 sun moths
  8 pharaoh ants
  A salamander mystic (Depths:3)
  A titan skeleton (Depths:3)
  A skeletal warrior (D:13)
  26 deep trolls
  5 sea snakes
  5 orb spiders
  A flayed ghost (Vaults:5)
  A glowing orange brain (Depths:4)
  A deep troll (shapeshifter) (Vaults:5)
  A shadow dragon zombie (Depths:3)
  4 ironbound convokers
  An arcanist (Vaults:3)
  6 deep elf archers
  2 lindwurms
  2 phantasmal warriors (Depths:3)
  A harpy (shapeshifter) (D:13)
  A steelbarb worm (shapeshifter) (Vaults:5)
  9 orc knights
  9 orc sorcerers (Orc:2)
  19 deep elf pyromancers
  A stone giant zombie (Vaults:1)
  12 harpies
  7 necromancers
  13 fauns
  12 deep elf zephyrmancers
  16 ugly things
  8 steelbarb worms
  3 salamanders
  18 wolf spiders
  15 manticores
  10 cyclopes
  14 moths of wrath
  A toenail golem (D:11)
  6 elephants
  8 black mambas
  A black mamba (shapeshifter) (D:14)
  6 merfolk sirens
  A rust devil (D:6)
  2 molten gargoyles (Lair:5)
  3 kobold blastminers (Orc:1)
  8 torpor snails
  9 vault sentinels
  3 water nymphs
  A smoke demon (Depths:3)
  2 gargoyles
  2 hellions
  An orange demon (D:7)
  A torpor snail (shapeshifter) (Depths:4)
  7 cane toads
  Jeremiah (D:7)
  4 tengu conjurers
  A kobold demonologist (D:12)
  13 yaktaurs
  6 freezing wraiths
  2 anaconda simulacra (IceCv)
  3 rime drakes
  9 komodo dragons
  4 red devils
  2 golden dragon simulacra (IceCv)
  An ice devil (Orc:2)
  A merfolk (shapeshifter) (Vaults:5)
  A hellwing (Orc:2)
  5 meliai
  3 polar bears
  23 merfolk
  9 trolls
  8 hornets
  A glass eye (Zot:5)
  27 tarantellas
  7 snapping turtles
  3 wind drakes
  Prince Ribbit (D:8)
  8 dream sheep
  15 blink frogs
  16 jumping spiders
  4 slime creatures (D:15)
  A shadow (D:9)
  59 yaks
  5 water elementals
  18 culicivoras
  6 wyverns
  A vampire (D:13)
  A dire elephant simulacrum (IceCv)
  2 wraiths
  5 basilisks
  A yak (shapeshifter) (Elf:3)
  7 fire elementals
  5 steam dragons
  28 redbacks
  2 neqoxecs
  10 vampire mosquitoes
  3 acid dragons
  3 wargs (Orc:2)
  2 glowing shapeshifter zombies
  8 hell hounds
  A hydra simulacrum (IceCv)
  12 water moccasins
  A glowing shapeshifter skeleton (Vaults:2)
  An ogre skeleton (Vaults:1)
  9 black bears
  2 ice beasts
  32 orc warriors
  8 ogres
  11 wolves (Lair:2)
  2 ettin simulacra (IceCv)
  10 centaurs
  A centaur (shapeshifter) (Vaults:5)
  A human skeleton (Vaults:2)
  A phantom (D:5)
  11 kobold brigands
  5 earth elementals
  2 gnoll sergeants
  14 bullfrogs
  4 scorpions
  9 wights (D:9)
  13 killer bees
  2 lindwurm simulacra (IceCv)
  3 howler monkeys
  5 jellies
  4 lava snakes (Lair:5)
  32 orc priests
  2 hounds
  3 sleepcaps
  2 iguanas
  14 orc wizards
  16 gnolls
  6 adders
  2 white imps
  2 ufetubi (D:5)
  4 worms
  A dart slug (D:3)
  72 orcs
  5 ball pythons
  9 endoplasms
  5 goblins
  2 hobgoblins
  5 jackals (Sewer)
  2 quokkas
  A bat (D:3)
  6 frilled lizards
  44 kobolds
  2 rats
1576 creatures vanquished.

Vanquished Creatures (collateral kills)
  An Orb Guardian (Zot:5)
  An emperor scorpion (Spider:1)
  A spark wasp (Spider:1)
  A deep elf death mage (Vaults:5)
  A caustic shrike simulacrum (IceCv)
  An orb spider (Spider:1)
  A torpor snail (Spider:1)
  A freezing wraith (IceCv)
  A merfolk (Shoals:3)
  A tarantella (Spider:1)
  2 jumping spiders (Spider:1)
  2 culicivoras (Spider:1)
  A redback (Spider:1)
  A harpy simulacrum (IceCv)
  A water moccasin (D:11)
17 creatures vanquished.

Vanquished Creatures (others)
  A tentacled monstrosity (Zot:5)
  A draconian shifter (Zot:1)
  A draconian scorcher (Zot:1)
  A red draconian (Zot:3)
  A deep elf archer (Elf:3)
  A deep elf pyromancer (Elf:1)
  A deep elf zephyrmancer (Elf:3)
  A culicivora (Spider:1)
  6 tentacles (Shoals:2)
14 creatures vanquished.

Grand Total: 1607 creatures vanquished

Notes
Turn   | Place    | Note
-------+----------+-------------------------------------------
     0 | D:1      | backslashecho the Meteoran Shapeshifter began the quest for
                  | the Orb.
     0 | D:1      | Reached XP level 1. HP: 16/16 MP: 2/2
   219 | D:1      | Found a faded altar of an unknown god.
   375 | D:1      | Reached XP level 2. HP: 23/23 MP: 3/3
   500 | D:1      | Glimpsed the power of Zot.
   550 | D:1      | Glimpsed the power of Zot.
   864 | D:2      | Reached XP level 3. HP: 24/29 MP: 4/4
   927 | D:3      | Found a bloodstained altar of Trog.
   962 | D:3      | Became a worshipper of Trog the Wrathful
  1018 | D:3      | Reached XP level 4. HP: 30/36 MP: 5/5
  1178 | D:4      | Reached XP level 5. HP: 41/41 MP: 6/6
  1180 | D:4      | Reached skill level 5 in Unarmed Combat
  1257 | D:3      | Reached * piety under Trog
  1281 | D:3      | Found a large runed translucent door.
  1281 | D:3      | Found a large runed translucent door.
  1283 | D:3      | Noticed kaesle's ghost (amateur HOFi)
  1303 | D:3      | Identified the +2 helmet of Dim Light {rN+ Regen+}
  1390 | D:3      | Found Vufintio's Magic Scroll Shoppe.
  1399 | D:3      | Found a glowing drain.
  1408 | Sewer    | Entered a sewer
  1411 | Sewer    | Noticed a kobold brigand
  1433 | Sewer    | Killed a kobold brigand
  1434 | Sewer    | Reached XP level 6. HP: 16/50 MP: 7/7
  1808 | Sewer    | Reached skill level 5 in Shapeshifting
  1808 | Sewer    | Reached XP level 7. HP: 33/57 MP: 8/8
  1861 | Sewer    | Glimpsed the power of Zot.
  1905 | Sewer    | Glimpsed the power of Zot.
  1946 | D:3      | Bought a scroll of fear for 48 gold pieces
  1946 | D:3      | Bought a scroll of identify for 24 gold pieces
  2188 | D:4      | Reached ** piety under Trog
  2349 | D:4      | Reached XP level 8. HP: 64/66 MP: 9/9
  2699 | D:5      | Entered Level 5 of the Dungeon
  2742 | D:5      | Reached skill level 5 in Fighting
  2904 | D:5      | Gained mutation: You passively map the area around you.
                  | [Meteoran growth]
  2904 | D:5      | Reached XP level 9. HP: 74/74 MP: 10/10
  3162 | D:6      | Reached skill level 5 in Dodging
  3302 | D:6      | Reached *** piety under Trog
  3448 | D:6      | Identified the +4 scale mail of the Volcano {rC+ Dex+3
                  | Slay+2}
  3833 | D:7      | Found Plog's Lightly-Used Armoury.
  3899 | D:7      | Found a staircase to the Ecumenical Temple.
  3993 | D:7      | Noticed Jeremiah
  4006 | D:7      | Killed Jeremiah
  4007 | D:7      | Reached XP level 10. HP: 60/81 MP: 11/11
  4199 | D:8      | Noticed Prince Ribbit
  4216 | D:8      | Killed Prince Ribbit
  4217 | D:8      | Reached skill level 10 in Unarmed Combat
  4217 | D:8      | Reached skill level 10 in Shapeshifting
  4236 | D:8      | Found Rualepho's General Store.
  4258 | D:8      | Bought an amulet of reflection for 360 gold pieces
  4288 | D:8      | Found a blossoming altar of Fedhas.
  4288 | D:8      | Identified the +1 leather armour of the Immovable Tables
                  | {rPois Will+}
  4555 | D:8      | Reached **** piety under Trog
  4919 | D:9      | Noticed a two-headed ogre
  4919 | D:9      | Found Nauppoph's Magic Scroll Emporium.
  5054 | D:9      | Reached XP level 11. HP: 82/86 MP: 12/12
  5095 | D:9      | Paralysed by a hornet for 3 turns
  5126 | D:9      | Found Voumaa's General Store.
  5188 | D:9      | Killed a two-headed ogre
  5206 | D:10     | Entered Level 10 of the Dungeon
  5232 | D:9      | Bought a scroll of blinking for 105 gold pieces
  5232 | D:9      | Bought a scroll of identify for 28 gold pieces
  5333 | D:9      | Found a broken altar of Ashenzari.
  5337 | D:9      | Found a hazy altar of Hepliaklqana.
  5373 | D:9      | Found Celuwusm's Distillery.
  5378 | D:9      | Bought a potion of heal wounds for 50 gold pieces
  5416 | D:10     | Found a shadowy altar of Dithmenos.
  5499 | D:10     | Reached ***** piety under Trog
  5528 | D:10     | Found a snail-covered altar of Cheibriados.
  5891 | D:10     | Reached skill level 15 in Shapeshifting
  5898 | D:10     | Found a staircase to the Orcish Mines.
  6541 | D:11     | Reached XP level 12. HP: 94/94 MP: 13/13
  6675 | D:11     | Noticed a two-headed ogre
  6693 | D:11     | Killed a two-headed ogre
  6889 | D:11     | Found a staircase to the Lair.
  6922 | D:11     | Received a gift from Trog
  7033 | D:12     | Noticed a deep elf pyromancer
  7049 | D:12     | Killed a deep elf pyromancer
  7061 | D:12     | Noticed a two-headed ogre
  7073 | D:12     | Killed a two-headed ogre
  7154 | D:12     | Noticed a two-headed ogre
  7159 | D:12     | Killed a two-headed ogre
  7270 | D:11     | Reached XP level 13. HP: 74/102 MP: 14/14
  7286 | Lair:1   | Entered Level 1 of the Lair of Beasts
  7693 | Lair:2   | Noticed a death yak
  7693 | Lair:2   | Noticed a death yak
  7705 | Lair:2   | Killed a death yak
  7710 | Lair:2   | Noticed a death yak
  7726 | Lair:2   | Killed a death yak
  7737 | Lair:2   | Killed a death yak
  7922 | Lair:3   | Reached skill level 15 in Unarmed Combat
  7933 | Lair:3   | Found the +5 robe of Night {Dark Will+ SInv}
  7967 | Lair:3   | Noticed a boulder beetle
  7967 | Lair:3   | Noticed a seven-headed hydra
  7987 | Lair:3   | Killed a seven-headed hydra
  7988 | Lair:3   | Reached XP level 14. HP: 118/118 MP: 15/15
  8408 | Lair:3   | Received a gift from Trog
  8708 | Lair:2   | Reached skill level 10 in Fighting
  8864 | Lair:2   | Found a hole to the Spider Nest.
  9323 | Lair:5   | Entered Level 5 of the Lair of Beasts
  9373 | Lair:5   | Found a staircase to the Slime Pits.
  9487 | Lair:5   | Reached XP level 15. HP: 101/128 MP: 16/16
  9547 | Lair:5   | Found a large runed translucent door.
  9548 | Lair:5   | Found a large runed translucent door.
  9728 | Lair:5   | Reached ****** piety under Trog
  9868 | Spider:1 | Entered Level 1 of the Spider Nest
  9887 | Spider:1 | Noticed a ghost moth
  9890 | Spider:1 | Killed a ghost moth
  9974 | Spider:1 | Identified the +5 battleaxe "Kuurphuegg" {heavy, Dex+3}
                  | (Trog gifted it to you on level 1 of the Spider Nest)
  9974 | Spider:1 | Received a gift from Trog
 10023 | Spider:1 | HP: 6/134 [spark wasp (13)]
 10028 | Spider:1 | Noticed an emperor scorpion
 10036 | Spider:1 | Killed an emperor scorpion
 10091 | Spider:1 | Reached skill level 10 in Dodging
 10091 | Spider:1 | Reached XP level 16. HP: 82/143 MP: 17/17
 10138 | Spider:4 | Entered Level 4 of the Spider Nest
 10140 | Spider:4 | Identified a scroll of acquirement
 10141 | Spider:4 | Acquired a manual of Fighting
 10483 | Spider:4 | Noticed an emperor scorpion
 10483 | Spider:4 | Noticed an emperor scorpion
 10483 | Spider:4 | Noticed an emperor scorpion
 10502 | Spider:4 | Killed an emperor scorpion
 10509 | Spider:4 | Killed an emperor scorpion
 10512 | Spider:4 | Noticed Mara
 10530 | Spider:4 | Reached skill level 15 in Fighting
 10728 | Spider:4 | Killed an emperor scorpion
 10908 | Spider:4 | Killed Mara
 10909 | Spider:4 | Reached XP level 17. HP: 158/158 MP: 18/18
 10914 | Spider:4 | Got a gossamer rune of Zot
 10915 | Spider:4 | Identified the +0 pair of gloves of Ru's Whim {rElec Str+2}
 11206 | Spider:3 | Noticed Arachne
 11222 | Spider:3 | Killed Arachne
 11508 | Spider:2 | Identified the +1 halberd of Disgust {heavy, *Corrode rC++
                  | Will- Str+3}
 11555 | Spider:2 | Identified the +1 leather armour "Ifyxt" {-Tele Int+5 Dex+3
                  | Slay+2}
 12266 | Lair:3   | Found a staircase to the Shoals.
 12284 | Shoals:1 | Entered Level 1 of the Shoals
 12289 | Shoals:1 | Upgraded the game from 0.31-a0-1204-ge2c1a860ed to
                  | 0.31-a0-1206-g41278d8d1d
 12346 | Shoals:1 | Found Humoz's Overcharged Wands.
 12384 | Shoals:1 | Found a frozen archway.
 12403 | IceCv    | Entered an ice cave
 12469 | IceCv    | HP: 5/163 [caustic shrike simulacrum (15)]
 12689 | Shoals:2 | Noticed Nikola
 12698 | Shoals:2 | Killed Nikola
 12699 | Shoals:2 | Gained mutation: You passively map a large area around you.
                  | [Meteoran growth]
 12699 | Shoals:2 | Reached XP level 18. HP: 117/172 MP: 19/19
 12852 | Shoals:4 | Entered Level 4 of the Shoals
 12863 | Shoals:3 | Noticed Bai Suzhen
 12888 | Shoals:3 | Killed Bai Suzhen
 12965 | Shoals:3 | Identified the ring of Taqasch {Int+6 Dex+3}
 13068 | Shoals:4 | Identified the ring of Dueh {Str+6 Dex+2 SInv}
 13096 | Shoals:4 | Reached skill level 1 in Evocations
 13240 | Shoals:4 | Identified the +0 lajatang of Blood {heavy, rPois Stlth+}
                  | (Trog gifted it to you on level 4 of the Shoals)
 13240 | Shoals:4 | Received a gift from Trog
 13274 | Shoals:4 | Got a barnacled rune of Zot
 13373 | Shoals:4 | Noticed Polyphemus
 13432 | Shoals:4 | Killed Polyphemus
 13899 | Shoals:3 | Reached skill level 5 in Evocations
 14186 | Shoals:2 | Noticed a kraken
 14237 | Shoals:2 | Reached XP level 19. HP: 182/182 MP: 20/20
 14796 | Orc:1    | Entered Level 1 of the Orcish Mines
 14820 | Orc:2    | Entered Level 2 of the Orcish Mines
 14833 | Orc:2    | Found a staircase to the Elven Halls.
 14861 | Orc:2    | Noticed Erolcha
 14865 | Orc:2    | Noticed Donald
 14878 | Orc:2    | Killed Donald
 14879 | Orc:2    | Killed Erolcha
 14954 | Orc:2    | Gained mutation: Your mind is acute. (Int +4, Str/Dex -1)
                  | [a neqoxec]
 15009 | Orc:2    | Found Odaypt's General Store.
 15012 | Orc:2    | Found Tigev Firurch's Magic Scroll Shop.
 15069 | Orc:2    | Bought a scroll of fear for 40 gold pieces
 15069 | Orc:2    | Bought a scroll of fog for 40 gold pieces
 15069 | Orc:2    | Bought a scroll of fog for 40 gold pieces
 15069 | Orc:2    | Bought a scroll of fog for 40 gold pieces
 15069 | Orc:2    | Bought a scroll of teleportation for 30 gold pieces
 15069 | Orc:2    | Bought a scroll of teleportation for 30 gold pieces
 15131 | Orc:2    | Received a gift from Trog
 15205 | Orc:2    | Found Wuthrigre's Jewellery Shoppe.
 15205 | Orc:2    | Found a one-way gate leading to the halls of Pandemonium.
 15205 | Orc:2    | Found Xuih's Antique Armour Emporium.
 15209 | Orc:2    | Bought a pair of embroidered boots for 225 gold pieces
 15334 | Orc:2    | Noticed Jorgrun
 15343 | Orc:2    | Killed Jorgrun
 15390 | Elf:1    | Entered Level 1 of the Elven Halls
 15615 | Elf:1    | Found the ring of the Hare {EV+10}
 15637 | Elf:1    | Received a gift from Trog
 15653 | Elf:1    | Reached skill level 15 in Dodging
 15698 | Elf:2    | Noticed Zenata
 15717 | Elf:2    | Killed Zenata
 15809 | Elf:3    | Entered Level 3 of the Elven Halls
 15833 | Elf:2    | Noticed Roxanne
 15853 | Elf:2    | Killed Roxanne
 16091 | Elf:3    | Found a flickering gateway to a bazaar.
 16096 | Bazaar   | Entered a bazaar
 16103 | Bazaar   | Found Meazal's Weapon Shop.
 16117 | Bazaar   | Found Rehu's Magic Scroll Boutique.
 16125 | Bazaar   | Bought a scroll of blinking for 90 gold pieces
 16125 | Bazaar   | Bought a scroll of teleportation for 36 gold pieces
 16125 | Bazaar   | Bought a scroll of revelation for 90 gold pieces
 16131 | Bazaar   | Found Loydor's Antique Armour Shop.
 16145 | Bazaar   | Found Ohyiqer's Magic Scroll Boutique.
 16172 | Bazaar   | Found Cel Fal's Armour Boutique.
 16186 | Bazaar   | Found Inopneu's Antique Weapon Shop.
 16281 | Bazaar   | Bought a scroll of fear for 48 gold pieces
 16281 | Bazaar   | Bought a scroll of fog for 48 gold pieces
 16281 | Bazaar   | Bought a scroll of fog for 48 gold pieces
 16370 | Elf:3    | Reached XP level 20. HP: 191/191 MP: 21/21
 16470 | Elf:3    | Reached skill level 10 in Evocations
 16510 | Elf:3    | Noticed a Brimstone Fiend
 16511 | Elf:3    | Received a gift from Trog
 16571 | Elf:3    | Identified the +4 broad axe "Killer Bee's Foe" {freeze,
                  | rN++ Str+2}
 16571 | Elf:3    | Identified the ring "Doimuos" {Fly rPois rN+ Will- Str+3}
 16623 | Elf:3    | HP: 8/191 [deep elf annihilator/iron shot (28)]
 16657 | Elf:3    | HP: 12/256 [deep elf blademaster/+1 rapier of draining
                  | (12)]
 16664 | Elf:3    | Found the +3 hat of Pondering {ponderous, Will+ MP+10
                  | Int+5}
 16669 | Elf:3    | Identified the +4 broad axe of Royalism {freeze, ^Contam
                  | rElec rCorr Str+6}
 16714 | Elf:3    | Identified the +2 hand axe "Heol" {flame, Will+ SInv}
 16718 | Elf:3    | Identified the +8 sling of Spontaneous Combustion {freeze,
                  | +Blink Fly rCorr}
 16721 | Elf:3    | Identified the +0 cloak of Unambiguity {rN+ Int+2}
 16724 | Elf:3    | Identified the staff "Pudul" {rF+ Dex+3 Stlth+ Tmut Fire}
 16730 | Elf:3    | Got the Dissertation on Doomed Modification
 16841 | Elf:3    | Found a runed translucent gate.
 16841 | Elf:3    | Found a runed translucent gate.
 16841 | Elf:3    | Found a runed translucent gate.
 16841 | Elf:3    | Found an iron altar of Okawaru.
 16841 | Elf:3    | Noticed pigah's ghost (adept OpSh)
 16921 | Elf:3    | Found Buipiup's Jewellery Boutique.
 17551 | Orc:1    | Found a transporter.
 17551 | Orc:1    | Noticed Nesh's ghost (journeyman OpSh)
 17561 | Orc:1    | Received a gift from Trog
 17768 | Orc:1    | Found a transporter.
 17932 | Orc:2    | Bought the amulet of Voutit {Reflect Harm rPois Int-3
                  | Slay+5 SH+5} for 838 gold pieces
 17992 | Orc:1    | Glimpsed the power of Zot.
 18242 | D:13     | Found a gate to the Vaults.
 18269 | D:13     | Reached XP level 21. HP: 198/198 MP: 22/22
 18333 | Vaults:1 | Entered Level 1 of the Vaults
 18893 | Vaults:3 | Found a staircase to the Crypt.
 18893 | Vaults:3 | Found an ancient bone altar of Kikubaaqudgha.
 18893 | Vaults:3 | Found a basalt altar of Yredelemnul.
 18998 | Vaults:4 | Found Pophok's Weapon Emporium.
 19051 | Vaults:5 | Entered Level 5 of the Vaults
 19069 | Vaults:5 | Noticed an ancient lich
 19137 | Vaults:5 | Killed an ancient lich
 19200 | Vaults:5 | Noticed an ancient lich
 19212 | Vaults:5 | Killed an ancient lich
 19216 | Vaults:5 | Noticed an ancient lich
 19227 | Vaults:5 | Killed an ancient lich
 19227 | Vaults:5 | Received a gift from Trog
 19228 | Vaults:5 | Reached XP level 22. HP: 205/205 MP: 23/23
 19314 | Vaults:5 | Identified the +1 whip of Deankeezot {heavy, rF+ rN+ Str+6}
 19418 | Vaults:5 | Got a silver rune of Zot
 19490 | Vaults:5 | Identified the +2 pair of boots of Demonic Beauty {+Inv}
 19501 | Vaults:5 | Identified the +6 broad axe of Petoraq {distort, *Slow Fly
                  | Str+7}
 19555 | Vaults:5 | Noticed Frederick
 19559 | Vaults:5 | Killed Frederick
 19569 | Vaults:5 | Noticed Xtahua
 19576 | Vaults:5 | Killed Xtahua
 19601 | Vaults:5 | Noticed an ancient lich
 19608 | Vaults:5 | Killed an ancient lich
 19616 | Vaults:5 | Found Cic Foam's Armour Emporium.
 19708 | Vaults:5 | Received a gift from Trog
 19715 | Vaults:5 | Noticed a golden dragon
 19727 | Vaults:5 | Killed a golden dragon
 19865 | Vaults:5 | Reached XP level 23. HP: 213/213 MP: 24/24
 19892 | Vaults:5 | Noticed an ancient lich
 19899 | Vaults:5 | Killed an ancient lich
 19945 | Vaults:5 | Identified the ring of the Messenger {MP+9 Dex+6}
 20009 | Vaults:5 | Found Lanov's General Store.
 20334 | Vaults:4 | Received a gift from Trog
 20368 | Vaults:4 | Identified the +7 morningstar of the Teaching Gods {freeze,
                  | Fly rCorr Int+7 Stlth-}
 20762 | D:14     | Upgraded the game from 0.31-a0-1206-g41278d8d1d to
                  | 0.31-a0-1227-g0136665373
 20817 | D:15     | Entered Level 15 of the Dungeon
 20837 | D:15     | Found a staircase to the Depths.
 20930 | D:15     | Found a broken altar of Ashenzari.
 21002 | D:15     | Received a gift from Trog
 21096 | D:15     | Noticed Nessos
 21119 | D:15     | Killed Nessos
 21471 | D:14     | Found a runed translucent door.
 21682 | D:14     | Identified the +9 rapier of backslashecho's Misery {pain,
                  | rPois Dex+3}
 21748 | D:13     | Noticed Azrael
 21753 | D:13     | Killed Azrael
 22342 | Depths:1 | Entered Level 1 of the Depths
 22342 | Depths:1 | Found a gateway to Hell.
 22373 | Depths:1 | Found Xaanoed's Jewellery Shop.
 22399 | Depths:1 | Noticed Sojobo
 22413 | Depths:1 | Killed Sojobo
 22414 | Depths:1 | Reached XP level 24. HP: 221/221 MP: 24/24
 22458 | Depths:2 | Found a corrupted altar of Lugonu.
 22459 | Depths:2 | Found a one-way gate to the infinite horrors of the Abyss.
 22488 | Depths:3 | Found a one-way gateway to a ziggurat.
 22506 | Depths:3 | Reached XP level 25. HP: 227/227 MP: 24/24
 22523 | Depths:3 | Noticed an ancient lich
 22540 | Depths:3 | Received a gift from Trog
 22689 | Depths:2 | Noticed a juggernaut
 22693 | Depths:2 | Killed a juggernaut
 22767 | Depths:3 | Noticed a juggernaut
 22778 | Depths:3 | Killed a juggernaut
 22803 | Depths:3 | Identified the +5 short sword "Maodam" {drain, +Blink rF-
                  | Str+7}
 22819 | Depths:3 | Killed an ancient lich
 22834 | Depths:3 | Received a gift from Trog
 22851 | Depths:3 | Got Sif Muna's Cyclopedia of the Geodesic
 22856 | Depths:4 | Entered Level 4 of the Depths
 22966 | Depths:4 | Noticed a golden dragon
 22979 | Depths:4 | Reached XP level 26. HP: 236/236 MP: 24/24
 22986 | Depths:4 | Noticed a juggernaut
 22995 | Depths:4 | Killed a juggernaut
 23047 | Depths:4 | Reached skill level 27 in Shapeshifting
 23048 | Depths:4 | Found a gate to the Realm of Zot.
 23126 | Depths:4 | Found a stormy altar of Qazlal.
 23254 | Depths:4 | Noticed a caustic shrike
 23255 | Depths:4 | Noticed a caustic shrike
 23256 | Depths:4 | Noticed a caustic shrike
 23286 | Depths:4 | Found a flickering gateway to a bazaar.
 23292 | Depths:4 | Noticed a juggernaut
 23302 | Depths:4 | Killed a juggernaut
 23309 | Bazaar   | Entered a bazaar
 23343 | Bazaar   | Found Faciu's Book Boutique.
 23358 | Bazaar   | Found Caemouv's Assorted Antiques.
 23382 | Bazaar   | Found Meif's Assorted Antiques.
 23390 | Bazaar   | Bought a potion of resistance for 160 gold pieces
 23394 | Bazaar   | Found Seru's Antique Armour Shoppe.
 23402 | Bazaar   | Bought a pair of glowing boots for 180 gold pieces
 23411 | Bazaar   | Bought a wand of paralysis (4) for 153 gold pieces
 23411 | Bazaar   | Bought a wand of paralysis (4) for 153 gold pieces
 23435 | Bazaar   | Bought a scroll of teleportation for 72 gold pieces
 23435 | Bazaar   | Bought a potion of curing for 72 gold pieces
 23435 | Bazaar   | Bought a potion of curing for 72 gold pieces
 23435 | Bazaar   | Bought a potion of curing for 72 gold pieces
 23435 | Bazaar   | Bought a scroll of immolation for 96 gold pieces
 23602 | Zot:1    | Entered Level 1 of the Realm of Zot
 23620 | Zot:1    | Reached skill level 27 in Unarmed Combat
 23689 | Zot:1    | Received a gift from Trog
 23933 | Zot:1    | Noticed a dread lich
 23934 | Zot:1    | Noticed a dread lich
 23940 | Zot:1    | Killed a dread lich
 23952 | Zot:1    | Killed a dread lich
 23977 | Zot:2    | Found the +4 dragonskin cloak
 23977 | Zot:2    | Noticed Tiamat
 24014 | Zot:2    | Reached XP level 27. HP: 246/246 MP: 24/24
 24108 | Zot:3    | Received a gift from Trog
 24245 | Zot:5    | Entered Level 5 of the Realm of Zot
 24459 | Zot:5    | Noticed an orb of fire
 24462 | Zot:5    | Gained mutation: You do not regenerate when monsters are
                  | visible. [an orb of fire]
 24462 | Zot:5    | Noticed a Killer Klown
 24465 | Zot:5    | Killed an orb of fire
 24465 | Zot:5    | Noticed a Killer Klown
 24466 | Zot:5    | Noticed an orb of fire
 24466 | Zot:5    | Noticed a Killer Klown
 24466 | Zot:5    | Noticed a Killer Klown
 24468 | Zot:5    | Noticed a Killer Klown
 24469 | Zot:5    | Noticed a Killer Klown
 24472 | Zot:5    | Killed an orb of fire
 24473 | Zot:5    | Noticed a Killer Klown
 24475 | Zot:5    | Noticed a Killer Klown
 24476 | Zot:5    | Noticed a Killer Klown
 24479 | Zot:5    | Killed a Killer Klown
 24481 | Zot:5    | Noticed a dread lich
 24486 | Zot:5    | Killed a dread lich
 24487 | Zot:5    | Noticed a Killer Klown
 24489 | Zot:5    | Killed a Killer Klown
 24490 | Zot:5    | Killed a Killer Klown
 24491 | Zot:5    | Noticed a Killer Klown
 24495 | Zot:5    | Killed a Killer Klown
 24500 | Zot:5    | Killed a Killer Klown
 24502 | Zot:5    | Killed a Killer Klown
 24509 | Zot:5    | Killed a Killer Klown
 24510 | Zot:5    | Killed a Killer Klown
 24513 | Zot:5    | Noticed a Killer Klown
 24518 | Zot:5    | Killed a Killer Klown
 24519 | Zot:5    | Noticed a Killer Klown
 24522 | Zot:5    | Noticed a curse toe
 24527 | Zot:5    | Killed a Killer Klown
 24544 | Zot:5    | Killed a Killer Klown
 24546 | Zot:5    | Killed a Killer Klown
 24549 | Zot:5    | Killed a curse toe
 24552 | Zot:5    | Killed a Killer Klown
 24557 | Zot:5    | Reached skill level 15 in Evocations
 24558 | Zot:5    | Received a gift from Trog
 24696 | Zot:5    | Got the Orb of Zot
 24838 | Zot:1    | Noticed a seraph
 25364 | D:$      | Escaped with the Orb!

Illustrated notes

Levels and vault maps discovered:
D:1:      minmay_arrival_hallway, layout_basic,
          shapermc_ecumenical_altar_totnotflames
D:2:      layout_rooms
D:3:      wander_river, layout_loops_ring, mainiacjoe_overflow_paths,
          ebering_ghost_disaster_area, serial_shops, shop,
          cheibrodos_sewer_entry_bend, chequers_garden
D:4:      kennysheep_kobold_camp, layout_loops_corners
D:5:      layout_gridville
D:6:      layout_basic
D:7:      layout_loops_cross, minmay_temple_entry_wispy, minmay_shop_damaged,
          uniq_jeremiah, uniq_maurice
D:8:      layout_loops_corners, fedhas_altar_2, serial_shops, shop,
          minmay_liquid_box, roderic_lattice_a, minmay_joined_circles,
          uniq_erica, uniq_psyche, uniq_prince_ribbit1
D:9:      layout_rooms, minitemple, grunt_temple_overflow_open, serial_shops,
          nicolae_square_shop, shop, shop
D:10:     layout_basic, old_standard_altar, mainiacjoe_overflow_boulevard,
          minmay_orc_entry_temple_small
D:11:     layout_layer_cave, due_lair_maze_entry_diamond,
          einodemon_armed_red_devil_minivault
D:12:     layout_grid_maze
D:13:     layout_layer_cave, lightli_vaults_fourway_checkpoint,
          minmay_sticks_and_stones, uniq_azrael
D:14:     layout_rooms, minivault_13
D:15:     hangedman_depths_entry_try_elsewhere_first, layout_basic,
          evilmike_ruin_ashenzari, uniq_nessos
Lair:1:   beast_lair_carwin_large_1, layout_long_grid, lemuel_old_faithful,
          grunt_megastairs_3
Lair:2:   layout_small_grid, hellmonk_spider_entry_life_and_decay,
          chequers_serial_rivers_small_a
Lair:3:   nzn_winding_woodlands_stair_cross [nzn_winding_woodlands_5x15_default,
          nzn_winding_woodlands_center_diamonds,
          nzn_winding_woodlands_5x15_sawtooth, nzn_winding_woodlands_5x5_three,
          nzn_winding_woodlands_5x5_closed_star,
          nzn_winding_woodlands_5x15_pockets,
          nzn_winding_woodlands_center_triple_pond,
          nzn_winding_woodlands_5x15_default], layout_small_grid,
          mainiacjoe_shoals_entry_four_pools, serial_bayou_shore_b,
          infiniplex_staircase_pool_2
Lair:4:   layout_cellular_growth, basic_altar, minivault_11,
          hibernation_bobbens, uniq_kirke
Lair:5:   cheibrodos_lair_end_hotspot, layout_long_grid,
          nicolae_slime_entry_slimehenge, hangedman_lair_generics_rect
Shoals:1: layout_shoals, portal_ice_cave_entry_pillars_1,
          nicolae_shop_overcharged_wands
Shoals:2: layout_shoals, uniq_nikola
Shoals:3: layout_shoals, nicolae_shoals_water_booths, uniq_bai_suzhen
Shoals:4: shoals_end_grunt_garden, layout_shoals, nicolae_shoals_wave_tunnel,
          uniq_polyphemus
Spider:1: layout_spider_delve
Spider:2: layout_spider_delve
Spider:3: layout_spider_delve, uniq_arachne
Spider:4: hellmonk_spider_rune_endless_swarm, uniq_mara
Orc:1:    layout_caves, gammafunk_ghost_berserking_beasts, uniq_sonja
Orc:2:    pf_orc_diabolical, layout_caves, uniq_jorgrun, uniq_erolcha,
          uniq_donald
Elf:1:    eino_elf_arrival_customs, layout_onion_city, hangedman_corner_corridor
Elf:2:    nicolae_elf_blades_splatter_lattice [nicolae_blade_tridents],
          layout_geoelf_diagonals, grunt_ministairs_11, uniq_roxanne,
          uniq_zenata
Elf:3:    minmay_elf_hall_curves, layout_onion_city,
          gammafunk_ghost_fury_of_okawaru, serial_shops, bzr_entry_road, shop,
          nicolae_shop_advertising_works [nicolae_subvault_shop_adworks],
          minivault_20, dk_noncrumbling_2
Vaults:1: v_misc_26, ontoclasm_vaults_fault, hangedman_vaults_cutoff,
          vaults_standard_mumra_enter_the_diamond,
          nicolae_vaults_twisting_passages, v_pattern_3, st_lattice,
          hangedman_vaults_variations, nicolae_vaults_little_squares_1,
          nicolae_vaults_asterisk, layout_vaults_big_cross
Vaults:2: v_misc_1, nicolae_vaults_little_squares_3, nicolae_vaults_house_1,
          nicolae_vaults_stepped_doors, nicolae_vaults_little_ls,
          hangedman_vaults_slice, vaults_dpeg_hooks, layout_vaults_omnigrid,
          uniq_aizul, uniq_mennas
Vaults:3: nicolae_vaults_little_squares_3, minmay_crypt_entry_necro_gods,
          nicolae_vaults_closet_pinwheel_4, ontoclasm_vaults_eye,
          hangedman_vaults_river_flow, nicolae_vaults_asterisk,
          not_door_vault_due, nicolae_vaults_trapezoid_lopsided_2,
          grunt_vaults_trifunnel, nicolae_vaults_stairing_the_circle,
          nicolae_vaults_diagonal_hallway_8, ontoclasm_vaults_chip,
          vaults_dpeg_spiral, nicolae_vaults_apartment_1, layout_vaults_ring,
          serial_shops, shop
Vaults:4: nicolae_vaults_display_case, hangedman_vaults_stretched_pinwheel,
          nicolae_vaults_closet_pinwheel_4, hangedman_vaults_hat,
          nicolae_vaults_rhombus_5, nicolae_vaults_rhombus_6,
          grunt_vaults_swirl, nicolae_vaults_diamond_1,
          ontoclasm_vaults_ring_small, vaults_standard_mumra_lines,
          nicolae_vaults_tetromino_T_1, hangedman_vaults_corner,
          vaults_standard_mumra_enter_the_diamond, layout_vaults_omnibox,
          serial_shops, shop
Vaults:5: uniq_xtahua, uniq_frederick
Depths:1: layout_cave_pools, serial_shops, nicolae_shop_gaudy_bauble,
          rand_demon_pan_entry_9, hell_entry, kennysheep_generic_room_5,
          uniq_sojobo
Depths:2: minmay_roctagon, layout_twisted_cross, hell_entry,
          abyss_entry_flame_altar, pan_entry, special_room [special_room_jelly],
          corexii_corridor_pit, kennysheep_path_1, infiniplex_staircase_diamond
Depths:3: minmay_tearing_corner, layout_cave_shapes, enter_ziggurat_d,
          eino_curves_01, special_room [special_room_magic_class], hellmouth_3,
          abyss_entry, serial_shops, nicolae_shop_tiny_waterfront, shop
Depths:4: grunt_zot_entry_alcove, layout_gridlike, hell_entry,
          nicolae_qazlal_general_emergency, serial_shops, bzr_entry_dummy,
          abyss_entry, minmay_fractal_squares_diagonal_5, serial_bayou_shore_b
Zot:1:    regret_index_infernal_bastille, layout_gridlike,
          regret_index_zotdec_misc_clamp
Zot:2:    layout_gridlike, uniq_tiamat
Zot:3:    layout_onion
Zot:4:    layout_gridlike
Zot:5:    layout_basic

Skill      XL: |  1  2  3  4  5  6  7  8  9 10 11 12 13 14 15 16 17 18 19 20 21 22 23 24 25 26 27 |
---------------+----------------------------------------------------------------------------------+-----
Unarmed Combat | 4 5 9 10 11 15 16 18 20 21 22 23 24 25 26 27 | 27.0
Shapeshifting  | 4 5 6 8 9 12 15 17 18 19 21 23 25 26 27 | 27.0
Fighting       | 2 3 4 5 9 10 13 16 18 19 21 | 21.8
Dodging        | 3 4 5 7 10 12 15 17 18 20 | 20.2
Evocations     | 5 9 11 12 13 15 | 15.3

Action                     |  1- 3 |  4- 6 |  7- 9 | 10-12 | 13-15 | 16-18 | 19-21 | 22-24 | 25-27 || total
---------------------------+-------+-------+-------+-------+-------+-------+-------+-------+-------++-------
  Melee: Unarmed           |    47 |   143 |   282 |   577 |   621 |   685 |   779 |   423 |   637 ||  4194
         Punch             |     3 |     3 |     8 |     5 |    50 |   120 |   128 |    52 |   145 ||   514
         Maw               |       |       |       |       |       |   132 |   222 |       |       ||   354
  Throw: Dart              |       |     3 |       |       |       |       |       |       |       ||     3
 Invoke: Berserk           |       |     2 |     4 |     7 |     6 |    11 |     5 |       |       ||    35
         Trog's Hand       |       |       |       |     2 |     4 |    18 |    15 |     5 |    12 ||    56
         Brothers in Arms  |       |       |       |     1 |     3 |     6 |     3 |       |     2 ||    15
Ability: Blinkbolt         |       |       |       |       |       |       |       |     4 |     5 ||     9
  Evoke: Wand              |       |       |       |       |     8 |     9 |     9 |     1 |    15 ||    42
         Phantom mirror    |       |       |       |       |       |       |     1 |       |       ||     1
    Use: Potion            |       |     4 |       |       |     5 |     1 |     8 |     1 |     4 ||    23
         Scroll            |       |       |     5 |     2 |    14 |    13 |    10 |     3 |     3 ||    50
   Stab: Distracted        |       |       |       |       |     1 |       |       |     2 |       ||     3
         Paralysed         |       |       |       |       |     1 |       |       |       |       ||     1
         Sleeping          |       |       |       |       |       |     2 |       |       |       ||     2
 Armour: Animal skin       |    15 |    71 |    60 |       |       |       |       |       |       ||   146
         Skin              |       |     2 |    61 |   205 |    43 |   231 |   275 |   143 |   358 ||  1318
         Scale mail        |       |       |       |    19 |       |       |       |       |       ||    19
         Leather armour    |       |       |       |       |   319 |   183 |       |       |       ||   502
         Robe              |       |       |       |       |     4 |       |       |       |       ||     4
  Dodge: Dodged            |    26 |    77 |   182 |   421 |   552 |   513 |   650 |   471 |   905 ||  3797
  Block: Other             |       |       |       |    87 |   141 |   116 |   130 |    71 |   136 ||   681
         Reflection        |       |       |       |     3 |     1 |     8 |    10 |     9 |     6 ||    37
   Form: Flux              |       |       |     2 |       |     2 |       |       |       |       ||     4
         Beast             |       |       |     1 |       |       |       |       |       |       ||     1
         Blade             |       |       |       |     1 |     2 |       |     1 |       |       ||     4
         Maw               |       |       |       |       |       |     1 |     2 |       |       ||     3
                           |       |       |       |       |       |     1 |       |       |     1 ||     2
         Statue            |       |       |       |       |       |       |     3 |     2 |     2 ||     7
         Storm             |       |       |       |       |       |       |       |     2 |     2 ||     4

Table legend: (Time is in decaauts)
 A = Elapsed time spent in this place.
 B = Non-inter-level travel time spent in this place.
 C = Inter-level travel time spent in this place.
 D = Time resting spent in this place.
 E = Time spent auto-exploring this place.
 F = Levels seen in this place.
 G = Mean time per level.
                   A        B        C        D        E       F      G
               +--------+--------+--------+--------+--------+-----+--------+
         Total |  25714 |  22049 |   3665 |   1130 |   2613 |  51 |  504.2 |
       Dungeon |   9099 |   7464 |   1635 |    181 |   1763 |  15 |  606.6 |
          Lair |   2757 |   2188 |    569 |      9 |     36 |   5 |  551.4 |
        Shoals |   2108 |   1887 |    221 |     53 |     28 |   4 |  527.0 |
   Spider Nest |   2200 |   2070 |    130 |    266 |    150 |   4 |  550.0 |
  Orcish Mines |   1103 |    846 |    257 |     48 |    280 |   2 |  551.5 |
   Elven Halls |   1663 |   1478 |    185 |     55 |     87 |   3 |  554.3 |
        Vaults |   2633 |   2342 |    291 |    179 |     44 |   5 |  526.6 |
        Depths |   1399 |   1141 |    258 |     43 |      0 |   4 |  349.8 |
           Zot |   1532 |   1415 |    117 |      7 |      0 |   5 |  306.4 |
        Bazaar |    439 |    439 |      0 |      0 |    220 |   2 |  219.5 |
         Sewer |    573 |    573 |      0 |    248 |      5 |   1 |  573.0 |
      Ice Cave |    203 |    203 |      0 |     38 |      0 |   1 |  203.0 |
               +--------+--------+--------+--------+--------+-----+--------+

Top non-repeatable levels by time:
Vaults:5: 1365 daAuts
    D:10: 1121 daAuts
  Lair:3: 1112 daAuts
Spider:4: 911 daAuts
     D:8: 895 daAuts
   Elf:3: 875 daAuts
     D:4: 826 daAuts
Depths:4: 770 daAuts
  Lair:2: 753 daAuts
    D:13: 743 daAuts
Shoals:4: 667 daAuts
   Orc:2: 660 daAuts
     D:1: 643 daAuts
   Zot:5: 606 daAuts
    D:15: 593 daAuts
